 Dungeon Crawl Stone Soup version 0.26-a0-1181-gd376ed14c5 (webtiles) character file.

Game seed: 2609244007356233392

1570 sahdkjhfkaj the Vexing (level 9, -1/59 HPs)
             Began as a Human Conjurer on Dec 25, 2020.
             Slain by a wyvern (18 damage)
             ... on level 6 of the Dungeon.
             The game lasted 00:19:06 (8053 turns).

sahdkjhfkaj the Vexing (Human Conjurer)             Turns: 8053, Time: 00:19:06

Health: -1/59      AC:  2    Str:  8    XL:     9   Next: 13%
Magic:  5/16       EV: 12    Int: 21    God:
Gold:   355        SH:  0    Dex: 12    Spells: 7/18 levels left

rFire    . . .     SeeInvis +   a - +4 dagger (venom)
rCold    . . .     Faith    .   (no shield)
rNeg     . . .     Spirit   .   i - +0 robe
rPois    +         Reflect  .   (no helmet)
rElec    .         Harm     .   (no cloak)
rCorr    .         Rampage  .   (no gloves)
Will     .....                  (no boots)
Stlth    ++........             n - amulet of the acrobat
HPRegen  0.19/turn              b - ring of see invisible
MPRegen  0.15/turn              l - ring of poison resistance

@: very slightly contaminated
A: no striking features
a: no special abilities


You were on level 6 of the Dungeon.
You visited 1 branch of the dungeon, and saw 6 of its levels.

You collected 355 gold pieces.

Inventory:

Hand Weapons
 a - a +4 dagger of venom (weapon)
Missiles
 m - 10 poisoned darts
Armour
 i - a +0 robe (worn)
Jewellery
 b - a ring of see invisible (left hand)
 h - the ring "Tiomn" {rC+ Will- Str+10 Int+4 SInv, unknown}
   (You found it on level 6 of the Dungeon)

   [ring of see invisible]

   It affects your strength (+10).
   It affects your intelligence (+4).
   It protects you from cold.
   It affects your willpower, your defense against some magical effects.
   It lets you see invisible.
 l - a ring of poison resistance (right hand)
 n - an amulet of the acrobat (around neck)
 r - a +4 ring of protection {unknown}
 A - a +4 ring of protection {unknown}
Wands
 f - a wand of random effects (20)
 j - a wand of enslavement (2)
 w - a wand of flame (27)
 x - a wand of iceblast (8)
 y - a wand of paralysis (5)
 B - a wand of disintegration (9)
Scrolls
 c - a scroll of immolation
 g - 5 scrolls of remove curse
 k - 2 scrolls of blinking
 t - a scroll of magic mapping {unknown}
 u - 2 scrolls of enchant armour
 v - 3 scrolls of teleportation {!r}
Potions
 d - 3 potions of haste
 e - a potion of brilliance
 o - 5 potions of flight
 p - a potion of heal wounds
 q - a potion of attraction
 s - 2 potions of cancellation {unknown}
 z - a potion of resistance {unknown}
 C - 2 potions of curing


   Skills:
 - Level 1.0 Fighting
 - Level 1.0 Short Blades
 - Level 2.0 Dodging
 - Level 2.0 Stealth
 + Level 5.1 Spellcasting
 + Level 5.7 Conjurations
 + Level 5.7 Hexes
 + Level 5.6 Translocations


You had 7 spell levels left.
You knew the following spells:

 Your Spells              Type           Power        Failure   Level
a - Magic Dart            Conj           100%         1%          1
b - Searing Ray           Conj           58%          1%          2
c - Fulminant Prism       Conj/Hex       14%          10%         4
d - Iskenderun's Mystic   Conj/Tloc      29%          10%         4

Your spell library contained the following spells:

 Spells                   Type           Power        Failure   Level
 Dazzling Flash           Conj/Hex       58%          3%          3


Dungeon Overview and Level Annotations

Branches:
Dungeon (6/15)             Temple (0/1) D:5

Altars:
Ashenzari
Gozag
Ru
Trog
Xom

Shops:
D:5 *??[


Message History

The sky beast is severely wounded. (Press . to maintain the ray.)
The wyvern bites you!
The searing ray hits the wyvern!
The wyvern is severely wounded.
The searing ray hits the sky beast.
The sky beast is almost dead.
The wyvern bites you!! The wyvern closely misses you.
The searing ray hits the wyvern!
The wyvern is almost dead.
The searing ray hits the sky beast!
You kill the sky beast!
The wyvern bites you!
* * * LOW HITPOINT WARNING * * *
Casting: Searing Ray (safe; 1% risk of failure)
Confirm with . or Enter, or press ? or * to list all spells.
You miscast Iskenderun's Mystic Blast.
You are very lightly contaminated with residual magic.
Nothing appears to happen.
The wyvern bites you!!
You die...

... ..#.#...########. #.#
#)#.............. #.#
#.#.#......#####
#.###.#...#'#..#
.........##.##.##
#######..#.).#..#
#.#######.# ##.# #.##
#..+ #.@# ##.#########l#
#..#$......#.##
#####..#$......'..#
.......#(.l....#..#
###.##.#########..#######
#.##..'†....#.........#
###.##..#....)#.###.....#
........#######.........#


You could see a wyvern.

Vanquished Creatures
  Prince Ribbit (D:6)
  Edmund (D:4)
  2 sky beasts
  A necrophage (D:5)
  An ice beast (D:6)
  2 ogres
  A water moccasin zombie (D:5)
  5 wights (D:6)
  A howler monkey (D:5)
  A hound (D:4)
  An orc wizard (D:6)
  Ijyb (D:4)
  Natasha (thrice) (D:4)
  A worker ant (D:4)
  A killer bee zombie (D:6)
  A howler monkey zombie (D:6)
  A howler monkey skeleton (D:4)
  3 adders
  10 gnolls
  A shadow imp (D:6)
  An ufetubus (D:5)
  An ooze (D:1)
  2 worms
  4 dart slugs
  3 leopard geckos
  7 orcs
  A ball python (D:4)
  10 bats
  5 giant cockroaches
  14 goblins
  3 hobgoblins (D:1)
  A jackal (D:6)
  A quokka (D:5)
  6 frilled lizards
  A giant cockroach zombie (D:5)
  2 jackal skeletons
  A jackal zombie (D:5)
  2 kobolds (D:1)
  4 rats
108 creatures vanquished.

Vanquished Creatures (others)
  2 fulminant prisms (D:4)
2 creatures vanquished.

Grand Total: 110 creatures vanquished

Notes
Turn   | Place    | Note
-------+----------+-------------------------------------------
     0 | D:1      | sahdkjhfkaj the Human Conjurer began the quest for the Orb.
     0 | D:1      | Reached XP level 1. HP: 13/13 MP: 3/3
   260 | D:1      | Reached XP level 2. HP: 16/19 MP: 0/5
   263 | D:1      | Learned a level 2 spell: Searing Ray
   541 | D:1      | Reached skill level 1 in Fighting
   541 | D:1      | Reached skill level 1 in Short Blades
   606 | D:1      | Reached XP level 3. HP: 26/26 MP: 4/6
  1570 | D:2      | Reached XP level 4. HP: 32/32 MP: 6/8
  1575 | D:2      | Learned a level 4 spell: Fulminant Prism
  1680 | D:1      | Reached skill level 1 in Hexes
  2887 | D:3      | Found an opulent altar of Gozag.
  2891 | D:3      | Found a shimmering altar of Xom.
  2944 | D:3      | Reached XP level 5. HP: 37/37 MP: 5/9
  3323 | D:3      | Found a bloodstained altar of Trog.
  3900 | D:4      | Noticed Edmund
  4012 | D:4      | Noticed Ijyb
  4028 | D:4      | Killed Ijyb
  4166 | D:4      | Noticed Natasha
  4171 | D:4      | Killed Natasha
  4264 | D:4      | Reached XP level 6. HP: 34/43 MP: 2/10
  4489 | D:4      | Noticed Natasha
  4497 | D:4      | Killed Edmund
  4498 | D:4      | HP: 1/43 [Natasha (2)]
  4506 | D:4      | Killed Natasha
  4642 | D:4      | Reached XP level 7. HP: 10/48 MP: 5/13
  5223 | D:5      | Entered Level 5 of the Dungeon
  5237 | D:5      | Learned a level 4 spell: Iskenderun's Mystic Blast
  5318 | D:4      | HP: 2/48 [sky beast (6)]
  5853 | D:5      | Found a broken altar of Ashenzari.
  5866 | D:5      | Found a sacrificial altar of Ru.
  5915 | D:5      | Found a staircase to the Ecumenical Temple.
  5971 | D:5      | Reached XP level 8. HP: 53/54 MP: 6/14
  6036 | D:5      | Found Yvabbots's Magic Scroll Shoppe.
  6100 | D:4      | Noticed Natasha
  6106 | D:4      | Killed Natasha
  6313 | D:5      | Found Nenarosu's Assorted Antiques.
  6325 | D:5      | Found Naazurr's Magic Scroll Shoppe.
  6380 | D:5      | Found Afimuj's Antique Armour Boutique.
  6535 | D:6      | Got a slimy platinum ring
  6740 | D:6      | Reached skill level 5 in Conjurations
  6742 | D:6      | Reached skill level 5 in Hexes
  6810 | D:6      | Reached skill level 5 in Translocations
  7072 | D:6      | Noticed Prince Ribbit
  7695 | D:6      | Killed Prince Ribbit
  7926 | D:6      | Reached XP level 9. HP: 54/59 MP: 12/16
  7994 | D:6      | Reached skill level 5 in Spellcasting
  8053 | D:6      | Slain by a wyvern

Illustrated notes

Levels and vault maps discovered:
D:1:      lemuel_arrival_tunnels, layout_loops_cross, patterned_corridor
D:2:      layout_basic, corner_web_ring
D:3:      layout_basic, lemuel_doored_altar, minitemple
D:4:      kennysheep_the_goblin_king, layout_basic, uniq_edmund, uniq_natasha
D:5:      layout_cave_pools, grunt_temple_overflow_open,
          minmay_temple_entry_ruins, serial_shops, shop_statue,
          nicolae_shop_stone, nicolae_shop_temple_entry_statues_fountains, shop
D:6:      layout_loops_corners, dk_vineyard_3, minmay_divided_ellipse,
          uniq_prince_ribbit1

Skill      XL: |  1  2  3  4  5  6  7  8  9 |
---------------+----------------------------+-----
Fighting       | 1 |  1.0
Short Blades   | 1 |  1.0
Hexes          | 2 4 5 |  5.7
Spellcasting   | 4 5 |  5.1
Translocations | 3 5 |  5.6
Conjurations   | 5 |  5.7
Dodging        | |  2.0
Stealth        | |  2.0

Action                   |  1- 3 |  4- 6 |  7- 9 || total
-------------------------+-------+-------+-------++-------
Melee: Dagger            |     1 |    66 |    18 ||    85
 Cast: Magic Dart        |    61 |    63 |   135 ||   259
       Searing Ray       |     1 |     5 |    10 ||    16
       Fulminant Prism   |       |     2 |       ||     2
       Iskenderun's Myst |       |       |     3 ||     3
  Use: Scroll            |     5 |     5 |     8 ||    18
       Potion            |       |     2 |       ||     2
 Stab: Sleeping          |       |     2 |     1 ||     3
Armor: Robe              |     2 |     6 |     4 ||    12
Dodge: Dodged            |    10 |    45 |    58 ||   113

Table legend: (Time is in decaauts)
 A = Elapsed time spent in this place.
 B = Non-inter-level travel time spent in this place.
 C = Inter-level travel time spent in this place.
 D = Time resting spent in this place.
 E = Time spent auto-exploring this place.
 F = Levels seen in this place.
 G = Mean time per level.
                   A        B        C        D        E       F      G
               +--------+--------+--------+--------+--------+-----+--------+
         Total |   8060 |   7805 |    255 |    766 |   6087 |   6 | 1343.3 |
       Dungeon |   8060 |   7805 |    255 |    766 |   6087 |   6 | 1343.3 |
               +--------+--------+--------+--------+--------+-----+--------+

Top non-repeatable levels by time:
     D:4: 2067 daAuts
     D:1: 1675 daAuts
     D:6: 1529 daAuts
     D:2: 1200 daAuts
     D:3: 906 daAuts
     D:5: 679 daAuts
